 Dungeon Crawl Stone Soup version 0.31-a0-557-g6e16503903 (webtiles) character file.

Game seed: 8206380195084802340

2506 Arcadio the Fighter (level 9, -8/82 HPs)
             Began as a Formicid Fighter on Aug 16, 2023.
             Was a Plaything of Xom.
             Mangled by a cyclops (28 damage)
             ... on level 12 of the Dungeon.
             The game lasted 00:25:56 (7466 turns).

Arcadio the Fighter (Formicid Fighter)              Turns: 7466, Time: 00:25:57

Health: -8/82      AC:  7    Str: 29      XL:     9   Next: 82%
Magic:  9/9        EV:  9    Int: 10      God:    Xom [.....*]
Gold:   501        SH:  4    Dex:  8 (11) Spells: 8/8 levels left

rFire   . . .        x - +2 war axe (freeze)
rCold   x . .        c - +0 buckler
rNeg    + . .        B - +0 chain mail {rPois}
rPois   +            (helmet unavailable)
rElec   .            (cloak currently unavailable)
rCorr   .            (gloves currently unavailable)
SInv    +            (boots currently unavailable)
Will    .....        (no amulet) Stlth
                     f - ring of positive energy
HPRegen 0.33/turn    h - ring of wizardry
MPRegen 0.11/turn

%: wizardry (x1)
@: beast-form, unable to drink
A: beast (slay +0), permanent stasis, dig shafts and tunnels, antennae 3, four
strong arms, camouflage 1, clever 1, deformed body, robust 1, strong 1, cold
vulnerability 1, inability to drink after injury 1, noise suppression
a: Dig, Shaft Self, Begin Untransformation, Renounce Religion


You were on level 12 of the Dungeon.
You worshipped Xom.
You were Xom's teddy bear.
You were a hulking beast.
You visited 2 branches of the dungeon, and saw 11 of its levels.

You collected 561 gold pieces.
You spent 60 gold pieces at shops.

Inventory:

Hand Weapons
 a - a +0 war axe
 x - a +2 war axe of freezing (weapon)
 D - a +0 morningstar
Armour
 b - a +0 scale mail
 c - a +0 buckler (worn)
 g - a +0 scale mail of cold resistance
 B - a +0 chain mail of poison resistance (worn)
Jewellery
 f - a ring of positive energy (left hand)
 h - a ring of wizardry (right hand)
 y - a ring of fire
Talismans
 l - a beast talisman (active)
Wands
 p - a wand of flame (2)
 E - a wand of charming (9)
 I - a wand of iceblast (4)
Scrolls
 e - 2 scrolls of teleportation
 i - a scroll of vulnerability
 k - 3 scrolls of immolation
 m - a scroll of brand weapon {unknown}
 o - a scroll of fear {unknown}
 q - 3 scrolls of amnesia
 t - a scroll of poison {unknown}
 u - 2 scrolls of noise {unknown}
 v - 2 scrolls of blinking {unknown}
 z - 2 scrolls of fog
 A - 3 scrolls of revelation
 G - a scroll of enchant armour {unknown}
 H - a scroll of butterflies {unknown}
Potions
 d - 5 potions of might
 j - 2 potions of curing
 n - 4 potions of heal wounds
 r - a potion of enlightenment {unknown}
 s - a potion of attraction {unknown}
 w - 2 potions of resistance
 C - a potion of degeneration {unknown}
 F - a potion of brilliance {unknown}
 J - a potion of invisibility {unknown}


   Skills:
 + Level 8.6 Fighting
 + Level 7.4 Axes
 + Level 8.5 Armour
 - Level 5.0 Shields


You had 8 spell levels left.
You didn't know any spells.
Your spell library contained the following spells:

 Spells                   Type           Power      Damage    Failure   Level
 Magic Dart               Conj           0%         1d3       50%         1
 Poisonous Vapours        Pois/Air       0%         N/A       65%         2
 Searing Ray              Conj           0%         2d4       65%         2
 Call Canine Familiar     Summ           0%         N/A       86%         3
 Mephitic Cloud           Conj/Pois/Air  0%         N/A       86%         3
 Portal Projectile        Hex/Tloc       0%         N/A       86%         3
 Volatile Blastmotes      Fire/Tloc      0%         2d10      86%         3
 Fulminant Prism          Conj/Hex       0%         3d5       99%         4
 Iskenderun's Mystic Bla  Conj/Tloc      0%         2d3       99%         4
 Leda's Liquefaction      Hex/Erth       0%         N/A       99%         4
 Freezing Cloud           Conj/Ice/Air   0%         6-21      100%        5


Dungeon Overview and Level Annotations

Branches:
Dungeon (9/15) Zot: 26950  Temple (1/1) D:4 Zot: 5998
   Lair: D:8-11         Orc: D:9-12

Altars:
Ashenzari
Cheibriados
Elyvilon
Fedhas
Gozag
Hepliaklqana
Kikubaaqudgha
Makhleb
Nemelex Xobeh
Okawaru
Ru
Sif Muna
Trog
Uskayaw
Vehumet
Wu Jian
Xom
Yredelemnul
Zin
The Shining One

Shops:
D:2 (   D:4 *   D:5 *(*:(   D:6 **   D:8 ?


Innate Abilities, Weirdness & Mutations

You are a hulking beast.
Your limbs bulge with bestial killing power. (Slay +0)
You cannot be hasted, slowed, berserked, paralysed or teleported.
You can dig through walls and to a lower floor.
You have a pair of large antennae on your head. (SInv)
Your four strong arms can wield two-handed weapons with a shield.
Your skin changes colour to match your surroundings (Stealth+).
Your mind is acute. (Int +4, Str/Dex -1)
Armour fits poorly on your strangely shaped body.
You are robust. (+10% HP)
Your muscles are strong. (Str +4, Int/Dex -1)
You are vulnerable to cold. (rC-)
You occasionally lose the ability to drink potions when taking damage.
You passively dampen the noise of your surroundings.


Message History

The orc priest begins to cast a cantrip, but forgets the words!
You slash the orc priest! You freeze the orc priest.
You kill the orc priest!
The orc hits you with a +0 war axe.
You begin to dig a shaft.
You continue digging a shaft.
You block the orc's attack. A shaft appears beneath you!
You fall into a shaft and drop 3 floors!
The shaft crumbles and collapses.
You hear a distant snort.
Hark!
There is a gateway to a gauntlet on this level.
Find the entrance quickly before the gate is sealed!
Xom thinks this is hilarious!
You start resting.
Xom smirks.
You detect creatures!
You start resting.
HP restored.
A cyclops comes into view.
The cyclops moves out of view.
You now have 501 gold pieces (gained 18).
The cyclops throws a large rock.
The large rock hits you!!
You hit the cyclops but do no damage. The cyclops barely misses you.
You slash the cyclops! You freeze the cyclops.
The cyclops is moderately wounded. "Feel my power!"
The cyclops is outlined in light.
The cyclops barely misses you.
You hit the cyclops. You freeze the cyclops.
The cyclops is moderately wounded.
You hit the cyclops but do no damage.
The cyclops is moderately wounded.
The cyclops hits you!!
A shower of butterflies erupts from you!
You slash the cyclops! You freeze the cyclops.
The cyclops is heavily wounded.
The cyclops hits you!
You feel threatened and lose the ability to drink potions!
You slice the cyclops!! You freeze the cyclops.
The cyclops is almost dead.
The cyclops stops glowing.
The cyclops hits you!!
You die...

#......#
#......#
#......## #
#.......##..
#...b......#
#.........##
###.#bb.#.#
###.bb###...
##..hC..#
#.# T W
#.b####.# ..
#...## .#
#.## C, #.
#. Y # ..{ Y
..


You could see a cyclops (ally target).

Vanquished Creatures
  2 yaks (D:8)
  4 water moccasins
  A sky beast (D:8)
  3 phantoms
  A centaur (D:7)
  A kobold brigand (D:8)
  5 bullfrogs
  A scorpion (D:5)
  An electric eel (D:8)
  5 jellies
  4 hounds
  4 orc priests
  2 iguanas
  7 orc wizards
  Terence (D:2)
  10 adders
  4 gnolls (D:3)
  A shadow imp (D:7)
  A white imp (D:5)
  3 ufetubi
  25 orcs
  4 bats
  6 endoplasms
  2 giant cockroaches
  11 goblins
  10 hobgoblins
  13 kobolds
  6 quokkas
  8 ball pythons
  3 frilled lizards
  6 rats
155 creatures vanquished.

Notes
Turn   | Place    | Note
-------+----------+-------------------------------------------
     0 | D:1      | Arcadio the Formicid Fighter began the quest for the Orb.
     0 | D:1      | Reached XP level 1. HP: 18/18 MP: 1/1
   136 | D:1      | Reached XP level 2. HP: 24/24 MP: 2/2
   650 | D:2      | Found a shimmering altar of Xom.
   658 | D:2      | Became a worshipper of Xom the Random
   694 | D:2      | Found Sigusch's Antique Weapon Shoppe.
   710 | D:2      | Reached XP level 3. HP: 30/30 MP: 3/3
   852 | D:2      | Noticed Terence
   856 | D:2      | XOM: potion effect (brilliance)
   864 | D:2      | Killed Terence
   865 | D:2      | Reached XP level 4. HP: 29/37 MP: 4/4
  1106 | D:2      | XOM: silly message
  1162 | D:2      | XOM is BORED!
  1421 | D:3      | XOM: butterfly on damage
  1423 | D:3      | Reached XP level 5. HP: 24/43 MP: 5/5
  2158 | D:4      | Found Rosoo's Assorted Antiques.
  2271 | D:4      | Found a staircase to the Ecumenical Temple.
  2279 | Temple   | XOM: stealth player
  2279 | Temple   | Entered the Ecumenical Temple
  2447 | D:4      | XOM: potion effect (invisibility)
  2451 | D:4      | Reached XP level 6. HP: 45/50 MP: 6/6
  2471 | D:4      | Found a bloodstained altar of Trog.
  2645 | D:4      | XOM: potion effect (might)
  2653 | D:4      | Reached skill level 5 in Fighting
  2653 | D:4      | Reached skill level 5 in Armour
  2858 | D:5      | Entered Level 5 of the Dungeon
  2866 | D:5      | Reached XP level 7. HP: 50/56 MP: 7/7
  2891 | D:5      | Noticed a water moccasin
  2899 | D:5      | XOM: potion effect (invisibility)
  3002 | D:5      | XOM: confusion
  3071 | D:5      | XOM: noise
  3103 | D:5      | XOM: give mutations
  3103 | D:5      | Gained mutation: You occasionally lose the ability to drink
                  | potions when taking damage. [Xom's mischief]
  3103 | D:5      | Gained mutation: You have hidden genetic potential. [Xom's
                  | mischief]
  3103 | D:5      | Gained mutation: You are vulnerable to heat. (rF-) [Xom's
                  | mischief]
  3144 | D:5      | XOM: noise
  3147 | D:5      | XOM: summons friendly crimson imp
  3320 | D:4      | Reached skill level 5 in Axes
  3344 | D:5      | Reached XP level 8. HP: 40/64 MP: 8/8
  3427 | D:5      | XOM: silly message
  3513 | D:4      | XOM: divination: detect creatures
  3667 | D:5      | Found Ymiesoju's Book Shop.
  3669 | D:5      | Found Ajoimeuts's Weapon Shop.
  3669 | D:5      | Found Geosum's Weapon Shop.
  3674 | D:5      | Found Ralabela's General Store.
  3832 | D:5      | Identified the +1 leather armour of Elitism {rElec Str+5
                  | Int-3 Slay-6}
  3850 | D:5      | Found Yffes's Lightly-Used Armoury.
  3900 | D:5      | XOM is BORED!
  3900 | D:5      | XOM: silly message
  3957 | D:5      | Found an opulent altar of Gozag.
  3966 | D:5      | Found a burning altar of Makhleb.
  4000 | D:6      | XOM: torment (35/65 hp)
  4228 | D:6      | Found Evemnead's Specific Store.
  4230 | D:6      | Found Uveh Pes's General Store.
  4365 | D:6      | Found a snail-covered altar of Cheibriados.
  4367 | D:6      | Found a shimmering altar of Xom.
  4369 | D:6      | Found a sparkling altar of Nemelex Xobeh.
  4404 | D:6      | Gained mutation: Your spells are a little harder to cast,
                  | but a little more powerful. [hidden potential]
  4504 | D:6      | XOM: stat loss: -1 Dex (12/13)
  4683 | D:7      | XOM: chaos cloud
  4688 | D:7      | XOM: give mutations
  4688 | D:7      | Gained mutation: You passively dampen the noise of your
                  | surroundings. [Xom's mischief]
  4688 | D:7      | Lost mutation: Your spells are a little harder to cast, but
                  | a little more powerful. [Xom's mischief]
  4691 | D:7      | XOM: blink monster(s)
  4769 | D:7      | XOM: give mutation
  4769 | D:7      | Gained mutation: Your muscles are strong. (Str +4, Int/Dex
                  | -1) [Xom's mischief]
  5024 | D:7      | XOM: swap monsters
  5032 | D:7      | Reached XP level 9. HP: 72/72 MP: 9/9
  5150 | D:7      | XOM: confusion
  5249 | D:7      | XOM: draining
  5399 | D:7      | XOM: give mutations
  5399 | D:7      | Gained mutation: Armour fits poorly on your strangely
                  | shaped body. [Xom's mischief]
  5399 | D:7      | Lost mutation: You are vulnerable to heat. (rF-) [Xom's
                  | mischief]
  5399 | D:7      | Gained mutation: You are vulnerable to cold. (rC-) [Xom's
                  | mischief]
  5441 | D:7      | XOM: cleaving
  5521 | D:7      | Gained mutation: Your flesh is heat resistant. (rF+)
                  | [hidden potential]
  5521 | D:7      | Lost mutation: You have hidden genetic potential. [hidden
                  | potential expressed]
  5629 | D:8      | XOM: give mutation
  5629 | D:8      | Gained mutation: Your mind is acute. (Int +4, Str/Dex -1)
                  | [Xom's mischief]
  5629 | D:8      | XOM: smoke on damage
  5631 | D:8      | Reached skill level 5 in Shields
  6024 | D:8      | XOM is BORED!
  6065 | D:8      | XOM: give mutations
  6065 | D:8      | Gained mutation: You have hidden genetic potential. [Xom's
                  | mischief]
  6065 | D:8      | Gained mutation: Your skin changes colour to match your
                  | surroundings (Stealth+). [Xom's mischief]
  6065 | D:8      | Lost mutation: You have hidden genetic potential. [Xom's
                  | mischief]
  6164 | D:8      | Found Uddonava's Magic Scroll Shop.
  6169 | D:8      | Bought 2 scrolls of identify for 60 gold pieces
  6282 | D:8      | XOM: summons 5 hostile demons
  6386 | D:8      | XOM: summons 1 hostile demon
  6557 | D:8      | XOM: give mutations
  6557 | D:8      | Lost mutation: Your flesh is heat resistant. (rF+) [Xom's
                  | mischief]
  6557 | D:8      | Gained mutation: You are robust. (+10% HP) [Xom's mischief]
  6677 | D:8      | Found a white marble altar of Elyvilon.
  6688 | D:8      | XOM: noise
  6691 | D:8      | XOM: silly message
  6864 | D:8      | XOM: divination: detect creatures
  7042 | D:8      | XOM: god gift: scroll of immolation
  7107 | D:9      | XOM: fog
  7176 | D:8      | You fall into a shaft and drop 1 floor!
  7383 | D:9      | XOM: scenery: 1 doors close
  7414 | D:9      | an orc changed into a glowing shapeshifter
  7414 | D:9      | Noticed a glowing shapeshifter (glowing shapeshifter)
  7414 | D:9      | XOM: polymorph orc -> glowing shapeshifter
  7414 | D:9      | a glowing shapeshifter changed into a two-headed ogre
  7414 | D:9      | Noticed a two-headed ogre (glowing shapeshifter)
  7418 | D:9      | You fall into a shaft and drop 3 floors!
  7424 | D:12     | XOM: divination: detect creatures
  7451 | D:12     | Noticed a cyclops
  7462 | D:12     | XOM: fake destruction
  7464 | D:12     | XOM: butterfly on damage
  7466 | D:12     | Mangled by a cyclops

Illustrated notes

Levels and vault maps discovered:
D:1:      arrival_zaba_pyramid, layout_rooms, serial_curves, eino_curves_01,
          eino_curves_01
D:2:      cheibrodos_greedy_goblins, layout_basic, serial_shops,
          nicolae_shop_trees, basic_altar, uniq_terence
D:3:      layout_basic
D:4:      layout_rooms, nicolae_overflow_crystal_walls,
          minmay_temple_entry_glassed_door, serial_shops, shop,
          minmay_diced_spiral
D:5:      layout_rooms, mainiacjoe_overflow_swirl, minmay_shop_grid_forest,
          minmay_shop_damaged
D:6:      layout_basic, grunt_temple_overflow_diamond, nicolae_specific_store,
          minmay_misc_feat_five, nicolae_concentric_dashed_squares_mild
D:7:      layout_loops_cross, nicolae_hexahallways
D:8:      layout_cave_pods, nicolae_elyvilon_temple_path, serial_shops,
          nicolae_square_shop
D:9:      corexii_shack_village, layout_gridville,
          mainiacjoe_overflow_surrounded_room, serial_shops,
          nicolae_shop_behind_doors
D:12:     layout_rooms, gauntlet_entry_generic, uniq_erolcha
Temple:   compressed_dpeg_triangle_lava_temple

Skill      XL: |  1  2  3  4  5  6  7  8  9 |
---------------+----------------------------+-----
Fighting       | 4 5 6 7 8 |  8.6
Armour         | 4 5 6 7 8 |  8.5
Axes           | 3 4 5 6 7 |  7.4
Shields        | 5 |  5.0

Action                     |  1- 3 |  4- 6 |  7- 9 || total
---------------------------+-------+-------+-------++-------
  Melee: War axe           |    90 |   142 |   260 ||   492
Ability: Dig               |       |       |     2 ||     2
         Shaft Self        |       |       |     2 ||     2
  Evoke: Wand              |       |       |     1 ||     1
    Use: Scroll            |     3 |       |     6 ||     9
   Stab: Invisible         |       |     1 |     2 ||     3
 Armour: Scale mail        |    36 |    54 |    33 ||   123
         Chain mail        |       |       |    66 ||    66
  Dodge: Dodged            |    32 |    69 |   129 ||   230
  Block: Buckler           |    18 |    36 |    53 ||   107
   Form: Beast             |       |     1 |       ||     1

Table legend: (Time is in decaauts)
 A = Elapsed time spent in this place.
 B = Non-inter-level travel time spent in this place.
 C = Inter-level travel time spent in this place.
 D = Time resting spent in this place.
 E = Time spent auto-exploring this place.
 F = Levels seen in this place.
 G = Mean time per level.
                   A        B        C        D        E       F      G
               +--------+--------+--------+--------+--------+-----+--------+
         Total |   7613 |   7355 |    258 |   1249 |   4392 |  11 |  692.1 |
       Dungeon |   7611 |   7353 |    258 |   1249 |   4392 |  10 |  761.1 |
        Temple |      1 |      1 |      0 |      0 |      0 |   1 |    1.0 |
               +--------+--------+--------+--------+--------+-----+--------+

Top non-repeatable levels by time:
     D:8: 1608 daAuts
     D:4: 1158 daAuts
     D:3: 999 daAuts
     D:7: 882 daAuts
     D:5: 814 daAuts
     D:1: 618 daAuts
     D:2: 606 daAuts
     D:6: 599 daAuts
     D:9: 275 daAuts
    D:12: 48 daAuts
  Temple: 1 daAuts
